 Dungeon Sprint DCSS version 0.22.1-2-g9c5b331 (webtiles) character file.

84 diana the Sneak (level 4, 15/29 HPs)
             Began as a Demigod Enchanter on Dec 22, 2018.
             Quit the game in the Dungeon (Sprint III: "The Ten Rune Challenge").
             The game lasted 00:01:26 (228 turns).

diana the Sneak (Demigod Enchanter)                  Turns: 228, Time: 00:01:27

Health: 15/29      AC:  4    Str: 11    XL:     4   Next: 4%
Magic:  12/12      EV: 12    Int: 19    God:
Gold:   30         SH:  0    Dex: 18    Spells: 9/10 levels left

rFire    . . .     SeeInvis .   a - +1 dagger
rCold    . . .     Gourm    .   (no shield)
rNeg     . . .     Faith    .   b - +0 robe
rPois    .         Spirit   .   (no helmet)
rElec    .         Reflect  .   i - +0 cloak
rCorr    .         Harm     .   (no gloves)
MR       .....     NoTele   +   (no boots)
Stlth    +++.......             (no amulet)
HPRegen  0.09/turn              (no ring)
MPRegen  0.13/turn              (no ring)

@: no status effects
A: icy blue scales 1, deformed body, frail 1, high mp 1
a: no special abilities


You were in the Dungeon.
You were not hungry.

You visited 1 branch You collected 30 gold pieces.

Inventory:

Hand Weapons
 a - a +1 dagger (weapon)
Armour
 b - a +0 robe (worn)
 i - a +0 cloak (worn)
Scrolls
 c - a scroll of enchant weapon {unknown}
 j - a scroll of blinking
 m - a scroll of immolation {unknown}
 n - 3 scrolls of identify
 o - 3 scrolls of remove curse
 r - a scroll of holy word {unknown}
Potions
 e - a potion of curing
 f - a potion of heal wounds
 g - 2 potions of haste
 h - 2 potions of magic
 k - a potion of ambrosia {unknown}
 p - a potion of flight {unknown}
Comestibles
 d - 3 rations
 l - 3 chunks of flesh


   Skills:
 + Level 3.3 Short Blades
 - Level 1.7 Dodging
 * Level 5.9 Stealth
 + Level 3.5 Spellcasting
 + Level 4.3 Hexes


You had 9 spell levels left.
You knew the following spells:

 Your Spells              Type           Power        Failure   Level  Hunger
a - Corona                Hex            ###....      2%          1    None

Your spell library contained the following spells:

 Spells                   Type           Power        Failure   Level  Hunger
 Confuse                  Hex            ###.....     8%          3    ###....
 Tukima's Dance           Hex            ###.....     8%          3    ###....
 Ensorcelled Hibernation  Hex/Ice        ##....       9%          2    ##.....
 Dazzling Spray           Conj/Hex       ##....       19%         3    ###....


Dungeon Overview and Level Annotations

Branches:
Dungeon (1/1)


Innate Abilities, Weirdness & Mutations

You have an increased reservoir of magic. (+10% MP)
You are partially covered in icy blue scales. (AC +2)
Armour fits poorly on your strangely shaped body.
You are frail. (-10% HP)


Message History

Yellow scales grow over part of your body.
You feel extremely strange.
You feel robust.
You feel clever.
Your yellow scales disappear.
Your fingernails lengthen.
Rugged brown scales spread over more of your body.
You feel extremely strange.
Your fingernails shrink to normal size.
Your rugged brown scales recede somewhat.
Your rugged brown scales disappear.
Your connection to magic feels subdued.
You feel resistant to heat.
You feel extremely strange.
Your magic regains its normal vibrancy.
You no longer feel heat resistant.
You feel less encumbered by your armour.
A pair of horns grows on your head!
You feel extremely strange. The horns on your head shrink away.
You feel more encumbered by your armour.
You feel frail.
Your body twists and deforms.
Icy blue scales grow over part of your body.
Are you sure you want to abandon this character and quit the game? (Confirm

▓▓▓▓▓▓▓▓▓ ▓▓
▓<..#...#### #.#
▓...#......#####..#
▓..##.......#..#..#
▓##.##.##..[#.@#..#
##.##.###..##'#..#
▓#.####.##..###...+
▓.###..##..####...#
▓#.....##..###....#
###..##...##.....#
##..##....#......#
#..###..##.#..)..#
#..# #..#####....#


There were no monsters in sight!

Vanquished Creatures
  Crazy Yiuf (D)
  Jessica (D)
  A human (D)
  2 oozes (D)
5 creatures vanquished.

Vanquished Creatures (others)
  A draconian scorcher (D)
  6 hellions (D)
  A yaktaur (D)
  A plant (D)
9 creatures vanquished.

Grand Total: 14 creatures vanquished

Notes
Turn   | Place    | Note
-------+----------+-------------------------------------------
     0 | D        | diana the Demigod Enchanter began the quest for the Orb.
     0 | D        | Reached XP level 1. HP: 14/14 MP: 5/5
    13 | D        | Reached skill level 1 in Short Blades
    13 | D        | Reached skill level 3 in Stealth
    71 | D        | Killed a yaktaur
   114 | D        | Killed a hellion
   114 | D        | Killed a hellion
   118 | D        | Killed a hellion
   118 | D        | Killed a hellion
   119 | D        | Killed a hellion
   119 | D        | Killed a hellion
   134 | D        | Noticed Jessica
   138 | D        | Killed Jessica
   138 | D        | Reached skill level 4 in Stealth
   138 | D        | Reached XP level 2. HP: 20/20 MP: 8/8
   138 | D        | Reached XP level 3. HP: 26/26 MP: 10/10
   149 | D        | Killed a white draconian scorcher
   160 | D        | Noticed Crazy Yiuf
   163 | D        | Killed Crazy Yiuf
   163 | D        | Reached skill level 5 in Stealth
   177 | D        | Reached XP level 4. HP: 11/33 MP: 10/12
   223 | D        | Gained mutation: You are partially covered in rugged brown
                  | scales. (AC +1, +3% HP) [potion of mutation]
   223 | D        | Gained mutation: You are frail. (-10% HP) [potion of
                  | mutation]
   223 | D        | Gained mutation: You are dopey. (Int -2) [potion of
                  | mutation]
   223 | D        | Gained mutation: You are partially covered in yellow
                  | scales. (AC +2) [potion of mutation]
   224 | D        | Lost mutation: You are frail. (-10% HP) [potion of
                  | mutation]
   224 | D        | Lost mutation: You are dopey. (Int -2) [potion of mutation]
   224 | D        | Lost mutation: You are partially covered in yellow scales.
                  | (AC +2) [potion of mutation]
   224 | D        | Gained mutation: You have sharp fingernails. [potion of
                  | mutation]
   224 | D        | Gained mutation: You are mostly covered in rugged brown
                  | scales. (AC +2, +5% HP) [potion of mutation]
   225 | D        | Lost mutation: You have sharp fingernails. [potion of
                  | mutation]
   225 | D        | Lost mutation: You are mostly covered in rugged brown
                  | scales. (AC +2, +5% HP) [potion of mutation]
   225 | D        | Lost mutation: You are partially covered in rugged brown
                  | scales. (AC +1, +3% HP) [potion of mutation]
   225 | D        | Gained mutation: Your spells are a little easier to cast,
                  | but a little less powerful. [potion of mutation]
   225 | D        | Gained mutation: Your flesh is heat resistant. (rF+)
                  | [potion of mutation]
   226 | D        | Lost mutation: Your spells are a little easier to cast, but
                  | a little less powerful. [potion of mutation]
   226 | D        | Lost mutation: Your flesh is heat resistant. (rF+) [potion
                  | of mutation]
   226 | D        | Gained mutation: Your movements are slightly less
                  | encumbered by armour. (ER -2) [potion of mutation]
   226 | D        | Gained mutation: You have a pair of small horns on your
                  | head. [potion of mutation]
   227 | D        | Lost mutation: You have a pair of small horns on your head.
                  | [potion of mutation]
   227 | D        | Lost mutation: Your movements are slightly less encumbered
                  | by armour. (ER -2) [potion of mutation]
   227 | D        | Gained mutation: You are frail. (-10% HP) [potion of
                  | mutation]
   227 | D        | Gained mutation: Armour fits poorly on your strangely
                  | shaped body. [potion of mutation]
   227 | D        | Gained mutation: You are partially covered in icy blue
                  | scales. (AC +2) [potion of mutation]
   228 | D        | Quit the game

Skill      XL: |  1  2  3 |
---------------+----------+-----
Short Blades   | 2 3 |  3.3
Stealth        | 4 5 |  5.9
Spellcasting   | 2 3 |  3.5
Hexes          | 3 4 |  4.3
Dodging        | |  1.7

Action                   |  1- 3 |  4- 6 || total
-------------------------+-------+-------++-------
Melee: Dagger            |    17 |       ||    17
 Cast: Corona            |     1 |       ||     1
  Use: Potion            |     1 |     5 ||     6
 Stab: Sleeping          |     3 |       ||     3
Armor: Robe              |     1 |       ||     1
Dodge: Dodged            |     3 |       ||     3
